Map: Catalyst LE

Players

Starlord - Winner!

  • Race: Protoss Protoss
  • League: Grandmaster
  • Spawn Location: 5:00

Skyler

  • Race: Terran Terran
  • League: Grandmaster
  • Spawn Location: 11:00

VOD

Have the link to the VOD?

Description

Time

  • Played on: May 27, 2018, 11:35 p.m.
  • Length: 13:52
Show
View Real Time Build Order
Export as new Build Order

Starlord Protoss - Winner!

Build Orders:  

Get SALT Encoding   

  12  0:01  Probe  
  13  0:13  Probe  
  14  0:19  Pylon  
  14  0:25  Probe  
  15  0:34  Probe  
  15  0:41  Gateway  
  15  0:42  Probe  
  16  0:48  Assimilator  
  17  0:53  Assimilator  
  17  0:54  Probe  
  18  1:06  Probe  
  19  1:18  Probe  
  20  1:27  Pylon  
  20  1:30  Cybernetics Core  
  20  1:31  Probe  
  21  1:43  Probe  
  22  1:55  Probe  
  23  2:03  Stalker  
  23  2:07  Robotics Facility  
  23  2:09  Robotics Facility  
  25  2:21  Probe  
  26  2:37  Pylon  
  26  2:43  Immortal  
  28  2:57  Immortal  
  34  3:03  Stalker  
  36  3:14  Warp Prism  
  38  3:28  Warp Gate  
  38  3:30  Pylon  
  38  3:35  Probe  
  39  3:52  Observer  
  40  3:58  Nexus  
  40  4:06  Probe  
  35  4:26  Immortal  
  35  4:31  Robotics Bay  
  39  4:40  Warp Prism  
  41  4:56  Pylon  
  41  4:59  Observer  
  41  5:12  Disruptor  
  41  5:13  Disruptor  
  41  5:21  Probe  
  41  5:25  Probe  
  41  5:28  Assimilator  
  49  5:39  Probe  
  49  5:41  Probe  
  51  5:52  Probe  
  51  5:56  Stalker  
  52  6:02  Disruptor x2  
  50  6:04  Probe  
  51  6:12  Gateway, Probe  
  51  6:14  Gateway  
  52  6:22  Probe x2  
  54  6:28  Assimilator  
  54  6:31  Stalker  
  56  6:34  Probe  
  57  6:42  Probe  
  58  6:54  Observer  
  58  7:00  Stalker  
  69  7:08  Probe  
  69  7:09  Probe  
  69  7:13  Pylon  
  69  7:15  Pylon  
  62  7:30  Assimilator, Gateway  
  62  7:31  Probe x2  
  62  7:33  Gateway  
  62  7:36  Stalker x3  
  70  8:11  Pylon  
  70  8:13  Pylon  
  70  8:15  Pylon  
  70  8:20  Robotics Facility  
  70  8:21  Robotics Facility  
  70  8:24  Forge  
  70  8:33  Stalker x3  
  74  8:42  Stalker x2, Nexus  
  78  8:57  Stalker x3  
  84  9:07  Observer  
  84  9:13  Colossus  
  84  9:14  Extended Thermal Lance  
  82  9:18  Observer  
  82  9:20  Probe x2  
  82  9:22  Twilight Council  
  90  9:25  Observer  
  90  9:31  Observer  
  91  9:33  Probe x2  
  91  9:37  Pylon  
  93  9:41  Observer  
  93  9:48  Probe  
  94  9:54  Probe  
  93  10:21  Blink, Protoss Ground Weapons Level 1  
  91  10:22  Colossus  
  91  10:23  Colossus  
  91  10:27  Adept  
  91  10:28  Adept x4  
  113  10:39  Probe x2  
  113  10:40  Probe  
  116  10:45  Assimilator  
  116  10:46  Shield Battery  
  116  10:49  Assimilator  
  116  10:51  Pylon  
  116  11:06  Pylon  
  116  11:07  Pylon  
  116  11:08  Pylon  
  110  11:33  Adept x5  
  110  11:35  Probe  
  110  11:37  Probe x2  
  123  11:42  Photon Cannon  
  123  11:43  Colossus  
  135  11:47  Templar Archives  
  135  11:49  Probe  
  135  11:51  Photon Cannon  
  136  12:03  Psionic Storm, Stalker x3  
  136  12:04  Stalker  
  144  12:19  Probe  
  144  12:20  Pylon  
  145  12:23  Probe  
  145  12:27  Pylon, Probe  
  147  12:32  Probe  
  141  12:56  High Templar  
  141  12:57  High Templar x4  
  149  13:10  Archon  
  149  13:11  Archon, Gateway  
  149  13:12  Gateway  
  149  13:14  Gateway  
  149  13:16  Gateway  
  149  13:30  Adept x4  
  127  13:45  Adept  
Show
View Real Time Build Order
Export as new Build Order

Skyler Terran 

Build Orders: MMM Bio 

Get SALT Encoding   

  12  0:01  SCV  
  13  0:13  SCV  
  14  0:18  Supply Depot  
  14  0:25  SCV  
  15  0:39  SCV  
  15  0:41  Barracks  
  16  0:46  Refinery  
  16  0:51  SCV  
  17  1:04  SCV  
  18  1:16  SCV  
  19  1:30  Orbital Command, Reaper  
  20  1:35  Refinery  
  20  1:36  Barracks  
  20  1:48  Supply Depot  
  20  1:56  SCV  
  21  2:07  Factory  
  21  2:08  SCV  
  21  2:14  Marine  
  23  2:24  Barracks Tech Lab  
  23  2:25  Bunker, SCV  
  24  2:32  Marine  
  25  2:47  SCV  
  25  2:50  Marine  
  27  2:52  Marine  
  27  2:57  Starport  
  28  3:00  Supply Depot  
  28  3:02  Siege Tank  
  31  3:12  Barracks Tech Lab  
  31  3:15  Supply Depot  
  31  3:21  Marine  
  31  3:27  SCV  
  33  3:30  Stimpack  
  33  3:34  Viking  
  35  3:42  Widow Mine  
  35  3:44  Bunker  
  37  3:49  SCV  
  37  3:51  Marine  
  37  3:52  Supply Depot  
  39  3:59  Marine  
  39  4:01  SCV  
  41  4:07  Liberator  
  37  4:25  Marine  
  37  4:26  Marine, Siege Tank  
  37  4:30  SCV  
  46  4:35  Engineering Bay  
  46  4:40  Bunker  
  46  4:44  SCV  
  46  4:45  Marine  
  48  4:48  Marine  
  49  5:01  SCV  
  49  5:02  Terran Infantry Weapons Level 1  
  49  5:05  Supply Depot  
  49  5:06  Marine x2  
  52  5:07  Medivac  
  54  5:20  SCV  
  55  5:26  Marine  
  55  5:27  Marine  
  57  5:32  Supply Depot  
  57  5:34  Supply Depot  
  57  5:37  Medivac  
  57  5:39  Siege Tank  
  62  5:46  Marine  
  63  5:50  Marine  
  56  6:03  Combat Shields  
  55  6:04  Marine, SCV  
  55  6:08  Marine  
  58  6:13  Barracks  
  58  6:20  Command Center  
  58  6:22  Marine  
  58  6:23  Medivac  
  61  6:28  Marauder  
  61  6:30  Widow Mine  
  65  6:34  Supply Depot  
  58  6:42  Marine  
  59  6:48  Marine  
  60  7:00  Marine  
  59  7:01  SCV  
  59  7:03  Siege Tank  
  59  7:06  Marine  
  63  7:10  Marine  
  64  7:16  SCV  
  64  7:17  Marine  
  66  7:24  Concussive Shells  
  66  7:25  Marauder  
  66  7:27  Marine  
  66  7:28  SCV  
  66  7:29  Terran Infantry Armor Level 1  
  70  7:35  Marine  
  71  7:46  Refinery  
  60  8:03  Marine  
  61  8:06  Orbital Command  
  61  8:07  SCV  
  61  8:10  Barracks Reactor, Barracks  
  61  8:11  Barracks  
  62  8:13  Starport Reactor  
  62  8:14  Siege Tank  
  62  8:19  Marauder, SCV  
  68  8:31  SCV  
  64  8:42  Marauder  
  64  8:44  Barracks Reactor  
  64  8:46  SCV x2  
  64  8:47  Supply Depot x2  
  67  8:53  Marine  
  67  8:54  Marine  
  66  9:01  Liberator x2  
  63  9:10  Barracks Reactor, Barracks Tech Lab  
  63  9:11  Marine x2  
  63  9:13  SCV  
  58  9:20  Marine x2  
  58  9:21  Marine  
  67  9:26  Command Center  
  67  9:29  Marauder, SCV x2  
  67  9:30  Refinery  
  71  9:32  Marauder  
  71  9:36  Siege Tank  
  76  9:44  Marine x3  
  79  9:48  Marine x2  
  72  10:04  Liberator, Marine x3  
  72  10:05  Marauder  
  72  10:06  Liberator  
  75  10:08  Siege Tank  
  66  10:16  Marine x3  
  66  10:17  Marauder  
  69  10:26  Marauder  
  69  10:27  Marine x3  
  79  10:34  Marine  
  80  10:37  Marine x2  
  80  10:38  Marauder  
  84  10:48  Marine  
  84  10:49  Marine x2  
  87  10:55  Liberator  
  85  10:58  Marine x3  
  85  10:59  Marauder, Marine  
  91  11:04  Medivac  
  95  11:19  Marine x2  
  95  11:20  Marine x2  
  93  11:30  Marauder, Marine x2  
  93  11:34  Medivac  
  93  11:36  Siege Tank  
  93  11:38  Marine  
  99  11:53  Marauder, Marine x5  
  106  11:56  Liberator  
  106  11:57  SCV  
  107  12:06  Marine x2  
  107  12:08  Siege Tank  
  112  12:10  Marine  
  116  12:18  Supply Depot  
  116  12:21  Marine x2  
  118  12:33  Liberator  
  118  12:39  Marine x3  
  118  12:40  Marauder x2  
  123  12:46  Marine x2  
  114  12:56  Marine  
  114  12:57  Marine  
  112  13:01  Marauder  
  112  13:02  Marine  
  112  13:03  Marine x2  
  117  13:13  Marine x2  
  117  13:14  Marine  
  117  13:19  Medivac  
  122  13:21  Marauder  
  124  13:29  Marine x2  
Tags
 
Add a new tag
Caveats
  • Supply blocks, unpowered buildings, or Contaminate may cause inaccurate times.
  • Supply counts are checked every 10 seconds.